 Dungeon Crawl Stone Soup version 0.29-a0-369-gd956c00756 (webtiles) character file.

Game seed: 11180602012729099672

1131 quokkamancerX the Fighter (level 8, -1/93 HPs)
             Began as an Ogre Berserker on May 2, 2022.
             Was a Follower of Trog.
             Slain by a killer bee (8 damage)
             ... on level 5 of the Dungeon.
             The game lasted 00:21:52 (7023 turns).

quokkamancerX the Fighter (Ogre Berserker)          Turns: 7023, Time: 00:21:53

Health: -1/93      AC:  5    Str: 24    XL:     8   Next: 36%
Magic:  8/8        EV: 10    Int:  8    God:    Trog [*.....]
Gold:   47         SH:  0    Dex:  8    Spells: 7/7 levels left

rFire   . . .      SeeInvis .   u - +0 giant club
rCold   . . .      Faith    .   (shield currently unavailable)
rNeg    . . .      Spirit   .   b - +0 animal skin
rPois   .          Reflect  .   (helmet restricted)
rElec   .          Harm     .   A - +1 cloak
rCorr   .          Rampage  .   (gloves unavailable)
Will    .....                   (boots unavailable)
Stlth   +.........              (no amulet)
HPRegen 0.25/turn               (no ring)
MPRegen 0.11/turn               (no ring)

@: lethally poisoned (-1 -> -9)
A: large, unfitting armour, tough skin 1
a: Renounce Religion, Berserk


You were on level 5 of the Dungeon.
You worshipped Trog.
Trog was aware of your devotion.
You visited 1 branch of the dungeon, and saw 5 of its levels.
You also visited: Sewer.

You collected 173 gold pieces.
You spent 126 gold pieces at shops.

Inventory:

Hand Weapons
 u - a +0 giant club (weapon)
 B - a +0 giant spiked club
Missiles
 d - 4 curare-tipped darts
 q - 24 poisoned darts (quivered)
 z - 2 boomerangs
Armour
 b - a +0 animal skin (worn)
 A - a +1 cloak (worn)
Wands
 y - a wand of paralysis (7)
Scrolls
 e - a scroll of enchant weapon {unknown}
 f - a scroll of silence
 g - 2 scrolls of enchant armour {unknown}
 h - 3 scrolls of immolation
 l - a scroll of identify {unknown}
 m - a scroll of fear {unknown}
 w - a scroll of vulnerability {unknown}
 x - a scroll of teleportation
Potions
 a - a potion of mutation {unknown}
 c - a potion of resistance {unknown}
 i - 2 potions of curing {unknown}
 j - 3 potions of cancellation {unknown}
 k - 2 potions of flight {unknown}
 n - 9 potions of heal wounds {unknown}
 o - a potion of experience {unknown}
 p - 2 potions of might {unknown}
 r - a potion of haste {unknown}
 s - a potion of invisibility {unknown}
 t - a potion of ambrosia {unknown}
 v - a potion of brilliance {unknown}


   Skills:
 + Level 9.8 Fighting
 + Level 6.8 Maces & Flails
 - Level 2.6 Dodging


You had 7 spell levels left.
You didn't know any spells.
Your spell library was empty.

Dungeon Overview and Level Annotations

Branches:
Dungeon (5/15)              Sewer (visited)
 Temple: D:4-7

Altars:
Nemelex Xobeh
Vehumet
Yredelemnul

Shops:
D:1 (   D:5 *


Innate Abilities, Weirdness & Mutations

You are too large for most types of armour.
You have tough skin. (AC +1)


Message History

You barely miss the killer bee.
The killer bee is severely wounded.
You feel very sick.
The killer bee looks more healthy.
The killer bee closely misses you.
The killer bee stings you but does no damage.
The killer bee stings you.
You are more poisoned.
The killer bee poisons you!
You barely miss the killer bee.
The killer bee is severely wounded.
You feel extremely sick. The killer bee stings you.
The killer bee stings you but does no damage.
You barely miss the killer bee.
The killer bee is severely wounded.
You feel very sick. The killer bee stings you.
* * * LOW HITPOINT WARNING * * *
The killer bee stings you but does no damage. x2
You barely miss the killer bee.
The killer bee is severely wounded.
You feel very sick.
The killer bee stings you but does no damage.
The killer bee stings you.
* * * LOW HITPOINT WARNING * * *
You are more poisoned.
The killer bee poisons you! The killer bee barely misses you.
You barely miss the killer bee.
The killer bee is severely wounded.
* * * LOW HITPOINT WARNING * * *
You feel very sick. The killer bee stings you.
* * * LOW HITPOINT WARNING * * *
The killer bee closely misses you.
You miss the killer bee.
The killer bee is severely wounded.
* * * LOW HITPOINT WARNING * * *
You feel very sick. The killer bee completely misses you.
The killer bee stings you!
You die...

.....#..#..#..#..#..#..###+#.....
.#.#.#..#.....#.....#......#.....
####.#..#.....#.....#..... #.....
.###.#..####################.....
...###................÷..........
....##...........................
###.##..####################.....
#...#.)#..†..#....?# ###.##
##.).#..#.....#.@y..# #...##
.....#..#..#..#..#(.# #....#
.....#..#..#..#..#..# #.#..#
.))..#..)..#.....#.... ###.#.
.....#.....#.....#....( #.....
....########################....<
...## #.............#......##...
..#################.........###..
####≈≈≈#≈≈≈≈≈≈≈≈≈≈###.##....####.


You could see a killer bee.

Vanquished Creatures
  An ice beast (D:5)
  A centaur (D:5)
  3 ogres
  A phantom (D:5)
  2 kobold brigands (Sewer)
  2 scorpions (D:5)
  A hound (D:5)
  A jelly (D:5)
  An orc priest (D:5)
  Natasha (thrice) (D:2)
  2 iguanas
  An orc wizard (D:3)
  An adder (D:5)
  A river rat (D:3)
  A white imp (D:5)
  An ufetubus (D:5)
  3 worms
  2 dart slugs
  13 orcs
  4 bats
  7 endoplasms
  3 giant cockroaches
  6 goblins
  2 hobgoblins
  3 jackals (D:1)
  13 kobolds
  3 quokkas
  7 ball pythons
  3 frilled lizards
  10 rats
102 creatures vanquished.

Notes
Turn   | Place    | Note
-------+----------+-------------------------------------------
     0 | D:1      | quokkamancerX the Ogre Berserker began the quest for the
                  | Orb.
     0 | D:1      | Reached XP level 1. HP: 24/24 MP: 1/1
   386 | D:1      | Reached XP level 2. HP: 30/33 MP: 2/2
   486 | D:1      | Found Domnonud's Weapon Shoppe.
   794 | D:1      | Found a faded altar of an unknown god.
   994 | D:2      | Noticed Natasha
  1000 | D:2      | Killed Natasha
  1001 | D:2      | Reached skill level 5 in Fighting
  1001 | D:2      | Reached XP level 3. HP: 42/42 MP: 3/3
  1251 | D:2      | Found a sparkling altar of Nemelex Xobeh.
  1538 | D:2      | Noticed Natasha
  1545 | D:2      | Killed Natasha
  1546 | D:2      | Reached XP level 4. HP: 50/50 MP: 4/4
  1948 | D:2      | Noticed Natasha
  1956 | D:2      | Killed Natasha
  2241 | D:3      | Found a basalt altar of Yredelemnul.
  2408 | D:3      | Reached XP level 5. HP: 59/59 MP: 5/5
  2416 | D:3      | Found a glowing drain.
  2440 | Sewer    | Entered a sewer
  2465 | Sewer    | Noticed a kobold brigand
  2478 | Sewer    | Killed a kobold brigand
  2479 | Sewer    | Reached skill level 6 in Fighting
  2666 | Sewer    | Noticed a kobold brigand
  2679 | Sewer    | Killed a kobold brigand
  2680 | Sewer    | Reached XP level 6. HP: 68/68 MP: 6/6
  2682 | Sewer    | Reached ** piety under Trog
  2996 | D:3      | Reached skill level 7 in Fighting
  3451 | D:3      | Reached skill level 5 in Maces & Flails
  4112 | D:4      | Found a radiant altar of Vehumet.
  4348 | D:4      | Reached XP level 7. HP: 70/79 MP: 7/7
  4956 | D:5      | Entered Level 5 of the Dungeon
  5201 | D:5      | Reached skill level 8 in Fighting
  5655 | D:5      | Found Ismifob's Neck Hole.
  5663 | D:5      | Bought a +1 cloak for 126 gold pieces
  6497 | D:5      | Reached skill level 9 in Fighting
  6504 | D:5      | Reached XP level 8. HP: 59/92 MP: 8/8
  7023 | D:5      | Slain by a killer bee

Illustrated notes

Levels and vault maps discovered:
D:1:      matt_arrival_spirals, layout_basic, shapermc_ecumenical_altar_ellora,
          serial_shops, shop
D:2:      layout_loops_ring, basic_altar, uniq_natasha
D:3:      layout_loops_ring, mainiacjoe_overflow_paths, gup_sewer_entry_bowl
D:4:      layout_loops_cross, fiery_altar_vehumet, hangedman_decor_peaks_small,
          serial_bayou_pond_c, grunt_decor_arrowhead, minivault_26
D:5:      kennysheep_windowed_halls, layout_cave_pools, serial_rivers,
          chequers_serial_rivers_micro_e, chequers_serial_rivers_micro_e,
          chequers_serial_rivers_micro_b, chequers_serial_rivers_large_b,
          hex_large, nicolae_shop_sticking_my_neck_out

Skill      XL: |  1  2  3  4  5  6  7 |
---------------+----------------------+-----
Maces & Flails | 3 4 5 6 |  6.8
Fighting       | 5 6 7 9 |  9.8
Dodging        | |  2.6

Action                   |  1- 3 |  4- 6 |  7- 9 || total
-------------------------+-------+-------+-------++-------
Melee: Mace              |    61 |    67 |       ||   128
       Punch             |     1 |     4 |       ||     5
       Flail             |       |    54 |       ||    54
       Giant club        |       |    15 |    89 ||   104
Throw: Stone             |     9 |       |       ||     9
       Dart              |       |    26 |    22 ||    48
Invok: Berserk           |     2 |     6 |     8 ||    16
  Use: Scroll            |       |     3 |     2 ||     5
 Stab: Sleeping          |     1 |       |       ||     1
Armor: Animal skin       |    16 |    39 |    35 ||    90
Dodge: Dodged            |    25 |    77 |    53 ||   155

Table legend: (Time is in decaauts)
 A = Elapsed time spent in this place.
 B = Non-inter-level travel time spent in this place.
 C = Inter-level travel time spent in this place.
 D = Time resting spent in this place.
 E = Time spent auto-exploring this place.
 F = Levels seen in this place.
 G = Mean time per level.
                   A        B        C        D        E       F      G
               +--------+--------+--------+--------+--------+-----+--------+
         Total |   7298 |   7118 |    180 |   2299 |   3280 |   6 | 1216.3 |
       Dungeon |   6797 |   6617 |    180 |   2096 |   3177 |   5 | 1359.4 |
         Sewer |    500 |    500 |      0 |    203 |    103 |   1 |  500.0 |
               +--------+--------+--------+--------+--------+-----+--------+

Top non-repeatable levels by time:
     D:5: 2171 daAuts
     D:3: 1446 daAuts
     D:2: 1112 daAuts
     D:4: 1091 daAuts
     D:1: 976 daAuts
   Sewer: 500 daAuts
